 Dungeon Crawl Stone Soup version 0.25-a0-55-g0753fd1ad2 (webtiles) character file.

Game seed: 3245494999111920561, levelgen mode: deterministic

57 Menyeteske the Conjurer (level 3, 0/19 HPs)
             Began as a Deep Elf Conjurer on Oct 25, 2019.
             Succumbed to an adder's poison
             ... on level 2 of the Dungeon.
             The game lasted 00:10:52 (1506 turns).

Menyeteske the Conjurer (Deep Elf Conjurer)         Turns: 1506, Time: 00:10:53

Health: 0/19       AC:  2    Str:  5    XL:     3   Next: 73%
Magic:  2/10       EV: 13    Int: 20    God:
Gold:   28         SH:  0    Dex: 15    Spells: 3/9 levels left

rFire    . . .     SeeInvis .   (no weapon)
rCold    . . .     Gourm    .   (no shield)
rNeg     . . .     Faith    .   a - +0 robe
rPois    .         Spirit   .   (no helmet)
rElec    .         Reflect  .   (no cloak)
rCorr    .         Harm     .   (no gloves)
MR       .....                  (no boots)
Stlth    ++........             (no amulet)
HPRegen  0.06/turn              (no ring)
MPRegen  0.12/turn              (no ring)

@: lethally poisoned (0 -> -2)
A: no striking features
a: no special abilities


You were on level 2 of the Dungeon.
You were not hungry.

You visited 1 branch of the dungeon, and saw 2 of its levels.

You collected 28 gold pieces.

Inventory:

Missiles
 d - a throwing net (quivered)
Armour
 a - a +0 robe (worn)
Scrolls
 b - a scroll of identify
Potions
 e - a potion of flight
Comestibles
 c - 3 rations


   Skills:
 + Level 2.8 Dodging
 + Level 2.6 Stealth
 + Level 3.5 Spellcasting
 + Level 5.5 Conjurations


You had 3 spell levels left.
You knew the following spells:

 Your Spells              Type           Power        Failure   Level  Hunger
a - Magic Dart            Conj           ####         1%          1    None
b - Searing Ray           Conj           ####..       2%          2    ##.....
c - Dazzling Spray        Conj/Hex       ##....       13%         3    ###....

Your spell library contained the following spells:

 Spells                   Type           Power        Failure   Level  Hunger
 Iskenderun's Mystic Bla  Conj           ####....     14%         4    ####...
 Force Lance              Conj/Tloc      ##......     41%         4    ####...
 Fulminant Prism          Conj/Hex       ##........   41%         4    ####...


Dungeon Overview and Level Annotations

Branches:
Dungeon (2/15)

Altars:
Gozag
Hepliaklqana


Message History

The searing ray hits the adder.
The adder is heavily wounded. (Press . to maintain the ray.)
The adder bites you.
You are poisoned.
The adder poisons you!
The searing ray hits the adder.
The adder is almost dead.
You feel sick. The adder misses you.
The searing ray hits the adder.
You kill the adder!
You finish channeling your searing ray.
You feel sick. The worm bites you.
* * * LOW HITPOINT WARNING * * *
* * * LOW HITPOINT WARNING * * *
You feel sick.
* * * LOW HITPOINT WARNING * * *
You feel sick.
You die...

# ##
#######################.
#..............##§.w.w..
#...w..@.......§§§#####.
#......##......§§§# #.
#.....###.####.#.## #.
#.....# #.# #.#.# ####.
#.#.#####.###..... #....
#.#†# #...K.#..#.###.##.
#.#.###.###.#..#.###.#.†
#.#.....# ............_
#.#####w###.....###.#...


You could see a worm.

Vanquished Creatures
  2 adders (D:2)
  2 dart slugs (D:1)
  A ball python (D:2)
  2 giant cockroaches (D:2)
  5 goblins
  5 hobgoblins
  6 bats
  4 kobolds
  7 rats
34 creatures vanquished.

Notes
Turn   | Place    | Note
-------+----------+-------------------------------------------
     0 | D:1      | Menyeteske the Deep Elf Conjurer began the quest for the
                  | Orb.
     0 | D:1      | Reached XP level 1. HP: 10/10 MP: 6/6
   193 | D:1      | Reached XP level 2. HP: 5/15 MP: 2/8
   398 | D:1      | Learned a level 2 spell: Searing Ray
   537 | D:1      | Reached skill level 5 in Conjurations
  1137 | D:2      | Reached XP level 3. HP: 19/19 MP: 2/9
  1269 | D:2      | Learned a level 3 spell: Dazzling Spray
  1299 | D:2      | Found an opulent altar of Gozag.
  1329 | D:2      | Found a hazy altar of Hepliaklqana.
  1506 | D:2      | Succumbed to an adder's poison

Levels and vault maps discovered:
D:1:      ncdulo_halloftheorcs, layout_loops_ring
D:2:      layout_loops_ring, nicolae_overflow_crystal_walls, lemuel_round_altar,
          first_ration, grunt_gozag_statues

Table legend:
 A = Non-vault XP
 B = Vault XP
 C = Vault XP percentage of total XP
 D = Non-vault monster count
 E = Vault monster count
 F = Vault count percentage of total count
                 A         B        C        D         E       F
            +---------+---------+-------+---------+---------+-------
      Total |      82 |       0 |   0.0 |      34 |       0 |   0.0
            +---------+---------+-------+---------+---------+-------
        D:1 |      37 |       0 |   0.0 |      21 |       0 |   0.0
        D:2 |      45 |       0 |   0.0 |      13 |       0 |   0.0
            +---------+---------+-------+---------+---------+-------
